 Dungeon Sprint DCSS version 0.26-a0-661-g406de6ba63 (webtiles) character file.

Game seed: 3428690484878350383

14053 mhtbhm the Sorcerer (level 11, -2/54 HPs)
             Began as a Deep Elf Earth Elementalist on Oct 8, 2020.
             Was the Champion of Vehumet.
             Slain by a demonic crawler (10 damage)
             ... in the Dungeon (Sprint I: "Red Sonja").
             The game lasted 00:10:09 (2458 turns).

mhtbhm the Sorcerer (Deep Elf Earth Elementalist)   Turns: 2458, Time: 00:10:09

Health: -2/54      AC:  7    Str:  5    XL:     11   Next: 83%
Magic:  23/40      EV: 22    Int: 24    God:    Vehumet [******]
Gold:   1668       SH:  0    Dex: 15    Spells: 36/57 levels left

rFire    + . .     SeeInvis +   a - +9 long sword "Ufuem" {freeze, rElec rC+ rN+}
rCold    + . .     Faith    .   (no shield)
rNeg     + . .     Spirit   .   c - +2 robe {Archmagi}
rPois    .         Reflect  .   r - +2 helmet {SInv}
rElec    +         Harm     .   t - scarf {+Inv}
rCorr    .         Rampage  .   (no gloves)
MR       +....     Rnd*Rage +   (no boots) Stlth ++........NoTele +
                                o - amulet of the Air {Inacc +Fly rElec EV+5 RMsl}
HPRegen  0.18/turn              k - ring of protection from fire
MPRegen  0.27/turn              (no ring)

@: repel missiles
A: berserk 1
a: Renounce Religion, Evoke Invisibility, Evoke Flight


You were in the Dungeon.
You worshipped Vehumet.
Vehumet was exalted by your worship.
You visited 1 branch You collected 2966 gold pieces.
You spent 1298 gold pieces at shops.

Inventory:

Hand Weapons
 a - the +9 long sword "Ufuem" (weapon) {freeze, rElec rC+ rN+}
   (You found it in the Dungeon)

   It has been specially enchanted to freeze those struck by it, causing extra
   injury to most foes and up to half again as much damage against particularly
   susceptible opponents.
   It can also slow down cold-blooded creatures.
   It protects you from cold.
   It insulates you from electricity.
   It protects you from negative energy.
Missiles
 b - 29 stones (quivered)
 l - 7 curare-tipped darts
Armour
 c - a +2 robe of the Archmagi (worn)
 r - a +2 helmet of see invisible (worn)
 t - a scarf of invisibility (worn)
Magical Staves
 p - an uncursed staff of poison
Jewellery
 k - a ring of protection from fire (left hand)
 o - the amulet of the Air (around neck) {Inacc +Fly rElec EV+5 RMsl}
   (You found it in the Dungeon)

   [amulet of inaccuracy]

   It reduces the accuracy of all your attacks.
   It affects your evasion (+5).
   It insulates you from electricity.
   It lets you fly.
   It protects you from missiles.
Wands
 e - a wand of random effects (27)
Scrolls
 i - 2 scrolls of blinking
 m - a scroll of random uselessness {unknown}
 u - a scroll of holy word
Potions
 d - 4 potions of curing
 f - 2 potions of haste
 g - 2 potions of magic
 h - a potion of brilliance
 j - a potion of stabbing
Miscellaneous
 n - a phantom mirror
 q - a tin of tremorstones (3/3)
 s - a condenser vane (2/2)


   Skills:
 - Level 0.2 Fighting
 + Level 8.2 Dodging
 - Level 3.2 Stealth
 - Level 0.1 Unarmed Combat
 + Level 23.8 Spellcasting
 + Level 0.7 Conjurations
 - Level 1.1 Transmutations
 + Level 20.8 Earth Magic
 + Level 2.7 Evocations


You had 36 spell levels left.
You knew the following spells:

 Your Spells              Type           Power        Failure   Level
a - Sandblast             Erth           ######       0%          1
b - Passwall              Tmut/Erth      #######.     1%          2
c - Stone Arrow           Conj/Erth      ######       1%          3
d - Lee's Rapid Deconstr  Erth           ########..   0%          5
e - Petrify               Tmut/Erth      #######.     1%          4
f - Iron Shot             Conj/Erth      #######...   1%          6

Your spell library contained the following spells:

 Spells                   Type           Power        Failure   Level
 Yara's Violent Unravell  Hex/Tmut       #####.....   8%          5
 Beastly Appendage        Tmut           ######       1%          1
 Summon Small Mammal      Summ           ####         1%          1
 Call Imp                 Summ           #####...     1%          2
 Wereblood                Tmut           ######..     1%          2
 Call Canine Familiar     Summ           #####...     3%          3
 Spider Form              Tmut/Pois      #####.....   3%          3
 Summon Guardian Golem    Hex/Summ       #####...     3%          3
 Ice Form                 Ice/Tmut       #####...     10%         4
 Summon Ice Beast         Ice/Summ       #####...     13%         4
 Summon Lightning Spire   Summ/Air       #####...     13%         4
 Blade Hands              Tmut           ######....   22%         5


Dungeon Overview and Level Annotations

Branches:
Dungeon (1/1)

Altars:
Cheibriados
Dithmenos
Elyvilon
Fedhas
Gozag
Hepliaklqana
Kikubaaqudgha
Makhleb
Nemelex Xobeh
Okawaru
Qazlal
Ru
Sif Muna
Trog
Uskayaw
Vehumet
Wu Jian
Xom
Yredelemnul
Zin
The Shining One
Jiyva
Lugonu

Shops:
D ?[}*?[[?*:}:=[*[[


Innate Abilities, Weirdness & Mutations

You tend to lose your temper in combat.


Message History

Okay, then.
Okay, then.
Casting: Lee's Rapid Deconstruction (safe; 0% risk of failure)
Confirm with . or Enter, or press ? or * to list all spells.
Okay, then.
Okay, then.
Casting: Lee's Rapid Deconstruction (safe; 0% risk of failure)
Confirm with . or Enter, or press ? or * to list all spells.
Okay, then.
Casting: Lee's Rapid Deconstruction (safe; 0% risk of failure)
Confirm with . or Enter, or press ? or * to list all spells.
Aiming: Lee's Rapid Deconstruction (safe; 0% risk of failure)
Press: ? - help, Dir - move target cursor A rock wall.
You feel a surge of power!
The wall shatters!
The blast of rock fragments hits the demonic crawler!
You kill the demonic crawler!
Vehumet accepts your kill.
You feel your power returning. The demonic crawler hits you!
You die...

#################################
..#__#..)..)#.)#§§§§§§§§...'.§#^^
..'..'..#...##+#§####§§§..##..'^^
#'#__####...+..#§#,*##§.§#######+
#)####§.#####..s@#+*,###§#...##,,
#.#§§§§§#..##+####^,,*,#.##...#,,
_.'§§§.§§..#,^^,,*,,,**#..###.#,,
._#≈§§§§#..#,,,^,+,,,,,##.#)#.#,,
#'##§#####'###,,,*^,,,,#..###.#,,
#.#.§§§###.'.#,^,***++*#.##...#,,
####+###.###§#,,***,,**#..#'###,,
.'.....')∩##§#,,****,,*##...#,≈,,
.###########.#*+*,,*,,*,###.#,≈,,


You could see a demonic crawler.

Vanquished Creatures
  A daeva (D)
  2 centaur warriors (D)
  A hydra (D)
  Sonja (D)
  A deep troll (D)
  7 unseen horrors (D)
  A lindwurm (D)
  An oklob plant (D)
  2 kobold demonologists (D)
  3 demonic crawlers (D)
  A hornet (D)
  A slime creature (D)
  2 redbacks (D)
  Sigmund (D)
  A yak (D)
  13 hogs (D)
  3 floating eyes (D)
  7 necrophages (D)
  An ogre (D)
  8 jellies (D)
  Ijyb (D)
59 creatures vanquished.

Vanquished Creatures (others)
  A gargoyle (D)
  2 ballistomycete spores (D)
3 creatures vanquished.

Grand Total: 62 creatures vanquished

Notes
Turn   | Place    | Note
-------+----------+-------------------------------------------
     0 | D        | mhtbhm the Deep Elf Earth Elementalist began the quest for
                  | the Orb.
     0 | D        | Reached XP level 1. HP: 10/10 MP: 6/6
     2 | D        | Noticed Ijyb
    21 | D        | Killed Ijyb
    21 | D        | Reached skill level 4 in Spellcasting
    21 | D        | Reached skill level 5 in Earth Magic
    21 | D        | Reached XP level 2. HP: 6/15 MP: 1/9
   228 | D        | Learned a level 2 spell: Passwall
   280 | D        | Noticed an ogre
   283 | D        | Killed an ogre
   283 | D        | Reached skill level 7 in Spellcasting
   283 | D        | Reached XP level 3. HP: 19/19 MP: 6/13
   283 | D        | Reached XP level 4. HP: 24/24 MP: 6/15
   338 | D        | Noticed Sigmund
   343 | D        | Killed Sigmund
   343 | D        | Reached skill level 5 in Dodging
   343 | D        | Reached skill level 9 in Spellcasting
   343 | D        | Reached skill level 10 in Earth Magic
   343 | D        | Reached XP level 5. HP: 28/28 MP: 10/19
   351 | D        | Learned a level 3 spell: Stone Arrow
   357 | D        | Learned a level 5 spell: Lee's Rapid Deconstruction
   362 | D        | Learned a level 4 spell: Petrify
   407 | D        | Found an ornate altar of the Wu Jian Council.
   407 | D        | Found a shimmering blue altar of Sif Muna.
   409 | D        | Reached skill level 10 in Spellcasting
   409 | D        | Reached XP level 6. HP: 32/32 MP: 15/21
   410 | D        | Found a radiant altar of Vehumet.
   425 | D        | Became a worshipper of Vehumet
   443 | D        | Found Oskammem's Antique Armour Emporium.
   443 | D        | Found an ancient bone altar of Kikubaaqudgha.
   443 | D        | Found a hazy altar of Hepliaklqana.
   443 | D        | Found a stormy altar of Qazlal.
   443 | D        | Found a hide-covered altar of Uskayaw.
   443 | D        | Found a blossoming altar of Fedhas.
   443 | D        | Found a bloodstained altar of Trog.
   443 | D        | Found an iron altar of Okawaru.
   443 | D        | Found a basalt altar of Yredelemnul.
   443 | D        | Found a glowing golden altar of the Shining One.
   443 | D        | Found a snail-covered altar of Cheibriados.
   443 | D        | Found a sacrificial altar of Ru.
   443 | D        | Found a glowing silver altar of Zin.
   443 | D        | Found a shadowy altar of Dithmenos.
   443 | D        | Found a white marble altar of Elyvilon.
   443 | D        | Noticed a yak
   446 | D        | Killed a yak
   446 | D        | Reached skill level 11 in Spellcasting
   447 | D        | Found an opulent altar of Gozag.
   448 | D        | Found a sparkling altar of Nemelex Xobeh.
   568 | D        | Found a burning altar of Makhleb.
   568 | D        | Found a viscous altar of Jiyva.
   568 | D        | Found a shimmering altar of Xom.
   568 | D        | Found a corrupted altar of Lugonu.
   568 | D        | Noticed a slime creature
   572 | D        | Killed a slime creature
   572 | D        | Reached skill level 12 in Spellcasting
   572 | D        | Reached XP level 7. HP: 36/36 MP: 7/24
   621 | D        | Killed a gargoyle
   659 | D        | Noticed a kobold demonologist
   660 | D        | Noticed a kobold demonologist
   661 | D        | Reached * piety under Vehumet
   661 | D        | Offered knowledge of Freeze by Vehumet.
   661 | D        | Killed a kobold demonologist
   661 | D        | Reached skill level 13 in Spellcasting
   662 | D        | Noticed a neqoxec
   662 | D        | Gained mutation: You tend to lose your temper in combat. [a
                  | neqoxec]
   670 | D        | Killed a kobold demonologist
   670 | D        | Reached skill level 14 in Spellcasting
   670 | D        | Reached XP level 8. HP: 35/41 MP: 1/28
   841 | D        | Noticed Sonja
   846 | D        | Killed Sonja
   846 | D        | Reached ** piety under Vehumet
   846 | D        | Offered knowledge of Foxfire by Vehumet.
   846 | D        | Reached skill level 15 in Spellcasting
   846 | D        | Reached skill level 15 in Earth Magic
   846 | D        | Reached skill level 1 in Evocations
   951 | D        | Found Kasmiwk's Magic Scroll Boutique.
  1042 | D        | Noticed a deep troll
  1048 | D        | Killed a deep troll
  1048 | D        | Reached skill level 16 in Spellcasting
  1048 | D        | Reached XP level 9. HP: 29/45 MP: 6/31
  1059 | D        | Found Rier's Armour Emporium.
  1076 | D        | Bought a +2 robe of the Archmagi for 490 gold pieces
  1197 | D        | Got a buzzing long sword
  1198 | D        | Identified the +9 long sword "Ufuem" {freeze, rElec rC+
                  | rN+} (You found it in the Dungeon)
  1241 | D        | Offered knowledge of Static Discharge by Vehumet.
  1294 | D        | Noticed an oklob plant
  1297 | D        | Killed an oklob plant
  1297 | D        | Reached *** piety under Vehumet
  1297 | D        | Reached skill level 17 in Spellcasting
  1387 | D        | Noticed a centaur warrior
  1387 | D        | Noticed a centaur warrior
  1390 | D        | Killed a centaur warrior
  1390 | D        | Reached skill level 18 in Spellcasting
  1390 | D        | Reached XP level 10. HP: 26/50 MP: 27/34
  1390 | D        | Killed a centaur warrior
  1601 | D        | Offered knowledge of Frozen Ramparts by Vehumet.
  1601 | D        | Reached **** piety under Vehumet
  1601 | D        | Reached skill level 19 in Spellcasting
  1605 | D        | Reached ***** piety under Vehumet
  1762 | D        | Killed an unseen horror
  1762 | D        | Reached skill level 20 in Spellcasting
  1787 | D        | Killed an unseen horror
  1787 | D        | Offered knowledge of Olgreb's Toxic Radiance by Vehumet.
  1787 | D        | Reached ****** piety under Vehumet
  1796 | D        | Found the amulet of the Air {Inacc +Fly rElec EV+5 RMsl}
  1832 | D        | Found Epheboe's Assorted Antiques.
  1832 | D        | Found Ruulyal's Gadget Shop.
  1832 | D        | Found Koufaz's Magic Scroll Boutique.
  1834 | D        | Found Ihacs's Armour Emporium.
  1834 | D        | Found Dudorount's Antique Armour Shop.
  1834 | D        | Found Curothry's Magic Scroll Shoppe.
  1834 | D        | Found Umeerraoc's General Store.
  1834 | D        | Found Walenkeg's Book Emporium.
  1834 | D        | Found Syhekhea's Gadget Shop.
  1834 | D        | Found Jyhos's Book Shoppe.
  1836 | D        | Found Wung's Jewellery Boutique.
  1837 | D        | Found Haeklarr's General Store.
  1837 | D        | Found Ucifyem's Armour Boutique.
  1838 | D        | Bought a glowing helmet for 150 gold pieces
  1838 | D        | Found Roog's Armour Emporium.
  1860 | D        | Bought a condenser vane (2/2) for 280 gold pieces
  1872 | D        | Bought a scroll of blinking for 82 gold pieces
  1875 | D        | Bought a scroll of identify for 22 gold pieces
  1875 | D        | Bought a scroll of identify for 22 gold pieces
  1883 | D        | Bought a scarf of invisibility for 132 gold pieces
  1883 | D        | Bought a scroll of holy word for 82 gold pieces
  1883 | D        | Bought a scroll of magic mapping for 38 gold pieces
  1957 | D        | Killed a lindwurm
  1957 | D        | Offered knowledge of Starburst by Vehumet.
  2009 | D        | Reached skill level 21 in Spellcasting
  2011 | D        | Reached XP level 11. HP: 54/54 MP: 30/38
  2088 | D        | Noticed a 12-headed hydra
  2094 | D        | Paralysed by a floating eye for 4 turns
  2100 | D        | Offered knowledge of Iron Shot by Vehumet.
  2105 | D        | Killed a 12-headed hydra
  2105 | D        | Reached skill level 22 in Spellcasting
  2283 | D        | Learned a level 6 spell: Iron Shot
  2312 | D        | Noticed a daeva
  2319 | D        | Noticed an unseen horror
  2320 | D        | Killed an unseen horror
  2321 | D        | Noticed an unseen horror
  2322 | D        | Killed an unseen horror
  2322 | D        | Noticed an unseen horror
  2323 | D        | Killed a daeva
  2323 | D        | Reached skill level 23 in Spellcasting
  2324 | D        | Killed an unseen horror
  2327 | D        | Noticed an unseen horror
  2328 | D        | Killed an unseen horror
  2330 | D        | Noticed an unseen horror
  2331 | D        | Killed an unseen horror
  2454 | D        | Offered knowledge of Yara's Violent Unravelling by Vehumet.
  2458 | D        | Slain by a demonic crawler

Illustrated notes

Levels and vault maps discovered:
D:        dungeon_sprint_1 [red_sonja_temple_1, red_sonja_temple_small_1]

Skill      XL: |  1  2  3  4  5  6  7  8  9 10 11 |
---------------+----------------------------------+-----
Dodging        | 3 4 5 6 7 8 |  8.2
Stealth        | 3 |  3.2
Spellcasting   | 4 7 9 10 12 14 16 18 21 23 | 23.8
Earth Magic    | 5 7 10 12 13 15 17 18 20 | 20.8
Evocations     | 2 |  2.7
Fighting       | |  0.2
Unarmed Combat | |  0.1
Conjurations   | |  0.7
Transmutations | |  1.1

Action                   |  1- 3 |  4- 6 |  7- 9 | 10-12 || total
-------------------------+-------+-------+-------+-------++-------
Melee: Unarmed           |    12 |       |       |       ||    12
       Long sword        |       |       |       |     7 ||     7
 Cast: Sandblast         |     8 |     6 |     2 |     2 ||    18
       Passwall          |     2 |       |     3 |     2 ||     7
       Lee's Rapid Decon |       |     6 |    21 |    43 ||    70
       Petrify           |       |       |     2 |     1 ||     3
       Stone Arrow       |       |       |       |     1 ||     1
Evoke: Wand              |       |       |     4 |       ||     4
  Use: Potion            |     1 |       |     1 |       ||     2
       Scroll            |       |       |       |     5 ||     5
Armor: Robe              |     1 |       |     2 |     4 ||     7
Dodge: Dodged            |     3 |     2 |    13 |    24 ||    42
       Rpst.: Long sword |       |       |       |     4 ||     4

Table legend: (Time is in decaauts)
 A = Elapsed time spent in this place.
 B = Non-inter-level travel time spent in this place.
 C = Inter-level travel time spent in this place.
 D = Time resting spent in this place.
 E = Time spent auto-exploring this place.
 F = Levels seen in this place.
 G = Mean time per level.
                   A        B        C        D        E       F      G
               +--------+--------+--------+--------+--------+-----+--------+
         Total |   2470 |   2470 |      0 |   1461 |      0 |   1 | 2470.0 |
       Dungeon |   2470 |   2470 |      0 |   1461 |      0 |   1 | 2470.0 |
               +--------+--------+--------+--------+--------+-----+--------+

Top non-repeatable levels by time:
       D: 2470 daAuts
